Map: Alcyone LE

Players

Sauces - Winner!

  • Race: Zerg Zerg
  • League: Platinum
  • Spawn Location: 7:00

Subwayeatn

  • Race: Zerg Zerg
  • Spawn Location: 1:00

VOD

Have the link to the VOD?

Description

Time

  • Played on: Nov. 10, 2023, 12:16 p.m.
  • Length: 3:54
Show
View Real Time Build Order
Export as new Build Order

Sauces Zerg - Winner!

Build Orders: Hatch First 

Get SALT Encoding   

  12  0:01  Drone  
  13  0:12  Overlord  
  13  0:16  Drone  
  14  0:31  Drone x2  
  14  0:35  Drone  
  17  0:53  Hatchery  
  16  0:58  Drone  
  17  1:04  Extractor  
  17  1:05  Drone  
  17  1:17  Spawning Pool  
  16  1:20  Drone  
  16  1:24  Drone  
  18  1:28  Drone  
  19  1:39  Drone  
  20  2:05  Zergling x4, Queen  
  20  2:06  Queen  
  26  2:08  Spore Crawler  
  26  2:14  Drone x2  
  28  2:19  Spine Crawler  
  28  2:22  Zergling x2, Spine Crawler  
  27  2:28  Metabolic Boost  
  27  2:33  Drone  
  28  2:41  Spine Crawler  
  27  2:46  Drone  
  27  2:48  Overlord  
  27  3:08  Zergling x10  
  27  3:09  Zergling x2  
  29  3:14  Zergling x2  
  29  3:15  Zergling x2  
  29  3:17  Zergling x2  
  29  3:31  Zergling x2  
Show
View Real Time Build Order
Export as new Build Order

Subwayeatn Zerg 

Build Orders: Pool First 

Get SALT Encoding   

  12  0:00  Drone  
  13  0:08  Drone  
  13  0:13  Extractor  
  13  0:28  Spawning Pool  
  12  0:57  Hatchery  
  11  1:15  Queen  
  13  1:25  Overlord  
  13  1:35  Metabolic Boost  
  13  1:41  Zergling x2  
  13  1:45  Zergling x2  
  15  1:50  Zergling x2  
  16  2:03  Zergling x4  
  18  2:13  Queen  
  20  2:18  Zergling x2  
  21  2:23  Zergling x2  
  23  2:30  Zergling x2  
  23  2:31  Zergling x2  
  24  2:37  Zergling x2  
  24  2:41  Zergling x2  
  26  2:45  Zergling x2  
  26  2:50  Zergling x2  
  28  3:00  Overlord  
  26  3:18  Zergling x6  
Tags
 
League
Platinum
Matchup
ZvZ
Race
Zerg
Spawn Locations
Cross Positions
Add a new tag
Caveats
  • Supply blocks, unpowered buildings, or Contaminate may cause inaccurate times.
  • Supply counts are checked every 10 seconds.